[Event "ICC tourney 2098 (40 10)"]
[Site "Internet Chess Club"]
[Date "2020.11.01"]
[Round "2"]
[White "adwaysane"]
[Black "davika21"]
[Result "1/2-1/2"]
[ICCResult "Game drawn by mutual agreement"]
[WhiteElo "1664"]
[BlackElo "1909"]
[Opening "Queen's bishop game"]
[ECO "D00"]
[NIC "QP.08"]
[Time "13:16:31"]
[TimeControl "2400+10"]

1. d4 d5 2. Bf4 Nf6 3. Nf3 e6 4. e3 Be7 5. Bd3 c5 6. c3 Nc6 7. Nbd2 O-O 8.
O-O Nh5 9. Bg3 Nxg3 10. hxg3 cxd4 11. exd4 b6 12. Qc2 h6 13. Rac1 Bb7 14. g4
Rc8 15. Qb1 Bf6 16. Rce1 Re8 17. Ne5 Bxe5 18. dxe5 Qg5 19. Qd1 Red8 20. f4
Qe7 21. a3 d4 22. c4 Nb8 23. Ne4 Nd7 24. Nd6 Rc7 25. Nxb7 Rxb7 26. b4 a5 27.
Qf3 Nf8 28. b5 Rc7 29. Kf2 Ng6 30. Ra1 Qh4+ 31. Ke2 Qe7 32. Rh1 Nf8 33. Rh3
f6 34. Rah1 fxe5 35. fxe5 Rc5 36. Qe4 Qc7 37. Rh5 Qb8 38. Kd2 Qa8 39. Qxa8
Rxa8 40. g5 Rxe5 41. gxh6 Rxh5 42. Rxh5 gxh6 43. Rxh6 Kg7 44. Rh4 e5 45. Bf5
Re8 46. Kd3 Kf6 47. g4 Kg5 48. Rh1 Ne6 49. Ke4 Nf4 50. Rh7 d3 51. Rd7 Kh4
52. Ke3 Kg3 53. Bxd3 Nxd3 54. Kxd3 e4+ 55. Ke3 Kxg4 56. Rd6 Rc8 57. Rd4 Kf5
58. Rxe4 Rh8 59. Rf4+ Ke5 60. Rf3 Rh1 61. Kd3 Rd1+ 62. Kc3 Rc1+ 63. Kd2 Rxc4
64. Rb3 Kd4 65. Rh3 Rc5 66. Rh4+ Kd5 67. a4 Rc4 68. Rh6 Kc5 69. Rc6+ Kb4 70.
Rxb6 Kxa4 71. Rb8 Kb3 72. b6 a4 73. b7 Rb4 74. Kc1
{Game drawn by mutual agreement}
1/2-1/2

[Event "ICC tourney 2098 (40 10)"]
[Site "Internet Chess Club"]
[Date "2020.11.01"]
[Round "3"]
[White "kralj8"]
[Black "marinaxiao"]
[Result "1-0"]
[ICCResult "Black resigns"]
[WhiteElo "1929"]
[BlackElo "1488"]
[Opening "Sicilian: closed, 2...Nc6"]
[ECO "B23"]
[NIC "SI.44"]
[Time "15:31:24"]
[TimeControl "2400+10"]

1. e4 c5 2. Nc3 Nc6 3. Bb5 e6 4. Bxc6 bxc6 5. f4 d5 6. d3 Nf6 7. Nf3 Ba6 8.
e5 Nd7 9. O-O Be7 10. b3 O-O 11. Qe1 c4 12. dxc4 dxc4 13. Rf2 Bb4 14. Bd2
Bc5 15. Be3 Bb4 16. a3 Be7 17. b4 f6 18. Rd1 Qc7 19. Rfd2 Rad8 20. Nd4 c5
21. Nxe6 Qc8 22. Nxf8 Kxf8 23. e6 Nb6 24. Rxd8+ Bxd8 25. Bxc5+ Kg8 26. e7
Bxe7 27. Qxe7 {Black resigns} 1-0

[Event "ICC tourney 2098 (40 10)"]
[Site "Internet Chess Club"]
[Date "2020.11.01"]
[Round "3"]
[White "HR2005"]
[Black "TheDude865"]
[Result "1-0"]
[ICCResult "Black checkmated"]
[WhiteElo "2020"]
[BlackElo "1486"]
[Opening "Ruy Lopez: Anderssen variation"]
[ECO "C77"]
[NIC "RL.12"]
[Time "15:31:21"]
[TimeControl "2400+10"]

1. e4 e5 2. Nf3 Nc6 3. Bb5 a6 4. Ba4 Nf6 5. d3 b5 6. Bb3 Be7 7. Nc3 d6 8. a4
b4 9. Ne2 a5 10. h3 Bb7 11. O-O O-O 12. Ng3 Nb8 13. Be3 Nbd7 14. Nf5 c6 15.
N3h4 d5 16. Nxe7+ Qxe7 17. Nf5 Qd8 18. Qf3 dxe4 19. dxe4 c5 20. Qg3 Nh5 21.
Qg4 Ndf6 22. Qg5 g6 23. f3 Kh8 24. Rad1 Qc7 25. Nd6 Ra6 26. Qxe5 Re8 27. Qh2
Re7 28. Bh6 Rd7 29. Nxf7+ Kg8 30. Qxc7 Rxc7 31. Rd8+ Ne8 32. Rxe8#
{Black checkmated}
1-0

[Event "ICC tourney 2098 (40 10)"]
[Site "Internet Chess Club"]
[Date "2020.11.01"]
[Round "3"]
[White "che2468"]
[Black "HarleyQueen8"]
[Result "0-1"]
[ICCResult "White checkmated"]
[WhiteElo "1452"]
[BlackElo "1887"]
[Opening "Queen's pawn: Chigorin variation"]
[ECO "D00"]
[NIC "QP.08"]
[Time "15:31:26"]
[TimeControl "2400+10"]

1. d4 d5 2. Nc3 Nf6 3. Bf4 a6 4. e3 c5 5. dxc5 Nc6 6. Nf3 Bg4 7. Be2 e6 8.
O-O Bxc5 9. Ne5 Nxe5 10. Bxe5 Bf5 11. Bd4 Bd6 12. Na4 Qc7 13. h3 Bxc2 14.
Qd2 Bxa4 15. Rac1 Qe7 16. b3 Bd7 17. Rc2 O-O 18. Bd3 Rac8 19. Rb2 Bb4 20.
Qe2 e5 21. Bb6 e4 22. Bb1 Bb5 23. Qd1 Bxf1 24. Qxf1 Ba3 25. Rc2 Rxc2 26.
Bxc2 Rc8 27. Bd1 Rc1 28. Bd4 Qd6 29. g3 Qc6 30. Qe1 Qc2 31. Bxc2 Rxe1+ 32.
Kg2 Rc1 33. Bxf6 gxf6 34. g4 Rxc2 35. Kg3 Rxa2 36. h4 Rb2 37. g5 fxg5 38.
hxg5 Rxb3 39. Kf4 Bd6+ 40. Kg4 a5 41. f4 a4 42. Kf5 a3 43. Kf6 a2 44. Kf5
a1=Q 45. Kg4 Qg1+ 46. Kf5 Qxe3 47. Kg4 Qh3# {White checkmated} 0-1

[Event "ICC tourney 2098 (40 10)"]
[Site "Internet Chess Club"]
[Date "2020.11.01"]
[Round "3"]
[White "TjkTiger"]
[Black "manest"]
[Result "1-0"]
[ICCResult "Black resigns"]
[WhiteElo "2626"]
[BlackElo "2697"]
[Opening "English: symmetrical variation"]
[ECO "A38"]
[NIC "EO.26"]
[Time "15:32:14"]
[TimeControl "2400+10"]

1. c4 c5 2. g3 g6 3. Bg2 Bg7 4. Nc3 Nc6 5. Nf3 Nf6 6. d4 cxd4 7. Nxd4 O-O 8.
O-O Qa5 9. Nb3 Qh5 10. Nd5 d6 11. Nf4 Qf5 12. Bd2 Ne4 13. Be1 Bxb2 14. Qb1
Bxa1 15. Bxe4 Qe5 16. Nxa1 Bd7 17. Nb3 Bf5 18. Bxf5 Qxf5 19. e4 Qd7 20. Bc3
b6 21. Qd3 Rfd8 22. Rd1 Qe8 23. Nd5 Rac8 24. f4 Qf8 25. Nd4 Nxd4 26. Qxd4 f6
27. e5 dxe5 28. fxe5 e6 29. Bb4 Qxb4 30. Nxb4 Rxd4 31. Rxd4 fxe5 32. Re4 Rd8
33. Nc6 Rd2 34. Nxa7 Rxa2 35. Nc8 {Black resigns} 1-0

[Event "ICC tourney 2098 (40 10)"]
[Site "Internet Chess Club"]
[Date "2020.11.01"]
[Round "3"]
[White "michaelxiao"]
[Black "che8642"]
[Result "0-1"]
[ICCResult "White resigns"]
[WhiteElo "1322"]
[BlackElo "1525"]
[Opening "English: symmetrical variation"]
[ECO "A38"]
[NIC "EO.27"]
[Time "15:31:30"]
[TimeControl "2400+10"]

1. c4 c5 2. g3 Nf6 3. Bg2 g6 4. Nf3 Bg7 5. O-O O-O 6. Nc3 Nc6 7. e3 e6 8. d4
d5 9. cxd5 Nxd5 10. Nxd5 Qxd5 11. dxc5 Qxc5 12. Rb1 Rd8 13. Qe2 b6 14. b3
Nb4 15. a3 Ba6 16. axb4 Bxe2 17. bxc5 Bxf1 18. Kxf1 bxc5 19. Bb2 Bxb2 20.
Rxb2 Rab8 21. Ne5 Rd6 22. Nc6 Rb7 23. Na5 Rb5 24. Nb7 Rd7 25. Bc6 Rbxb7 26.
Bxd7 Rxd7 27. Rc2 Rb7 28. Rxc5 Rxb3 29. Ra5 Rb7 30. Kg2 Kf8 31. Kf3 Ke7 32.
h4 h6 33. e4 Kd6 34. e5+ Kc6 35. Ra6+ Kb5 36. Ra2 a5 37. Ke3 Rc7 38. Kd3 a4
39. f4 Kb4 40. Rc2 Rxc2 41. Kxc2 a3 42. g4 a2 43. Kb2 Kc4 44. h5 a1=Q+ 45.
Kxa1 Kd4 46. hxg6 fxg6 47. f5 Kxe5 48. fxg6 Kf6 49. g7 Kxg7 50. Kb2 Kf6 51.
Kc3 Kg5 52. Kd4 Kf6 53. Ke4 Kg5 54. Kf3 e5 55. Ke4 Kxg4 56. Kxe5 Kg3 57. Ke4
h5 58. Ke3 Kg2 59. Kf4 h4 60. Kg4 h3 {White resigns} 0-1

[Event "ICC tourney 2098 (40 10)"]
[Site "Internet Chess Club"]
[Date "2020.11.01"]
[Round "3"]
[White "e4f5"]
[Black "jsl1996"]
[Result "0-1"]
[ICCResult "White resigns"]
[WhiteElo "2226"]
[BlackElo "2667"]
[Opening "Sicilian: dragon variation"]
[ECO "B70"]
[NIC "SI.15"]
[Time "15:31:22"]
[TimeControl "2400+10"]

1. e4 c5 2. Nf3 d6 3. d4 cxd4 4. Nxd4 Nf6 5. Nc3 g6 6. Be2 Bg7 7. O-O O-O 8.
Bg5 Nc6 9. Nb3 b6 10. f4 Bb7 11. Bf3 Rc8 12. Nd5 e6 13. Ne3 h6 14. Bh4 Qc7
15. Qd2 a5 16. a4 Nb8 17. Bxf6 Bxf6 18. c3 Bg7 19. Nd4 Ba6 20. Be2 Bb7 21.
Nb5 Qc5 22. Bf3 Rfd8 23. b4 Bxc3 24. bxc5 Bxd2 25. Nc4 Bb4 26. Ncxd6 Bxc5+
27. Kh1 Bxd6 28. e5 Bxf3 29. Nxd6 Be2 30. Rfc1 Rxc1+ 31. Rxc1 Na6 32. Rc6
Rb8 33. Ne4 Kg7 34. h4 Bd1 35. Rd6 Bxa4 36. Nf6 Nc5 37. h5 Bc2 38. hxg6 Kxg6
39. Rd2 Be4 40. Re2 a4 41. Nxe4 Nxe4 42. Rxe4 b5 {White resigns} 0-1

[Event "ICC tourney 2098 (40 10)"]
[Site "Internet Chess Club"]
[Date "2020.11.01"]
[Round "3"]
[White "john-hartmann"]
[Black "Chesssaga"]
[Result "0-1"]
[ICCResult "White resigns"]
[WhiteElo "1747"]
[BlackElo "1994"]
[Opening "Benoni defense"]
[ECO "A61"]
[NIC "BI.38"]
[Time "15:31:27"]
[TimeControl "2400+10"]

1. d4 Nf6 2. c4 c5 3. d5 e6 4. Nc3 exd5 5. cxd5 d6 6. Nf3 g6 7. Bf4 Bg7 8.
h3 a6 9. a4 O-O 10. e3 Re8 11. Be2 b6 12. O-O Qc7 13. Nd2 Nfd7 14. Nc4 Ne5
15. Re1 Nxc4 16. Bxc4 Nd7 17. h4 Ne5 18. Be2 f5 19. h5 Qe7 20. Qb3 Rb8 21.
Qc2 g5 22. Bg3 h6 23. Bd3 Qf7 24. Bxe5 Bxe5 25. e4 f4 26. Be2 g4 {White
resigns} 0-1

[Event "ICC tourney 2098 (40 10)"]
[Site "Internet Chess Club"]
[Date "2020.11.01"]
[Round "3"]
[White "goodcrowdchess"]
[Black "fascimate"]
[Result "1-0"]
[ICCResult "Black checkmated"]
[WhiteElo "1694"]
[BlackElo "1653"]
[Opening "Sicilian: Najdorf, Byrne (English) attack"]
[ECO "B90"]
[NIC "SI.14"]
[Time "15:31:27"]
[TimeControl "2400+10"]

1. e4 c5 2. Nf3 d6 3. d4 cxd4 4. Nxd4 Nf6 5. Nc3 a6 6. Be3 e5 7. Nb3 Be6 8.
f3 Be7 9. Qd2 h5 10. O-O-O Nbd7 11. Bd3 Rc8 12. f4 Ng4 13. Kb1 Nxe3 14. Qxe3
Qc7 15. f5 Bc4 16. Bxc4 Qxc4 17. Nd2 Qc6 18. Nb3 b5 19. Qd2 Nf6 20. Rhe1 O-O
21. h3 h4 22. Nd5 Nxd5 23. exd5 Qb6 24. Rg1 b4 25. g3 Kh8 26. gxh4 Bxh4 27.
Qg2 Bf6 28. Qg4 Qc7 29. Rg2 a5 30. Rdg1 a4 31. Qh5+ Kg8 32. Qh6 Bg5 33. Rxg5
Qxc2+ 34. Ka1 Qxb2+ 35. Kxb2 Rc2+ 36. Kb1 Rc1+ 37. Nxc1 g6 38. Rxg6+ fxg6
39. Qxg6+ Kh8 40. Qh6# {Black checkmated} 1-0

[Event "ICC tourney 2098 (40 10)"]
[Site "Internet Chess Club"]
[Date "2020.11.01"]
[Round "3"]
[White "AlexW2007"]
[Black "imranchamp"]
[Result "1/2-1/2"]
[ICCResult "Game drawn by mutual agreement"]
[WhiteElo "2098"]
[BlackElo "1824"]
[Opening "Benkö gambit"]
[ECO "A57"]
[NIC "BI.46"]
[Time "15:31:22"]
[TimeControl "2400+10"]

1. d4 Nf6 2. c4 c5 3. d5 b5 4. Qc2 d6 5. e4 g6 6. cxb5 a6 7. Nc3 Bg7 8. Bd3
O-O 9. Nf3 Nbd7 10. O-O Ng4 11. a4 Nge5 12. Nxe5 Nxe5 13. Be2 axb5 14. Nxb5
f5 15. f4 Nf7 16. Bd3 Nh6 17. h3 fxe4 18. Bxe4 Nf5 19. Bxf5 Bxf5 20. Qe2 Bd7
21. Nc3 Re8 22. Qc4 Qc8 23. Kh2 Qa6 24. Qxa6 Rxa6 25. Bd2 Rb8 26. Ra2 Rab6
27. Rb1 Bf5 28. Rba1 Rxb2 29. Be1 Rxa2 30. Rxa2 {Game drawn by mutual
agreement} 1/2-1/2

[Event "ICC tourney 2098 (40 10)"]
[Site "Internet Chess Club"]
[Date "2020.11.01"]
[Round "3"]
[White "DLWarrior"]
[Black "jy2020"]
[Result "0-1"]
[ICCResult "White resigns"]
[WhiteElo "1946"]
[BlackElo "2224"]
[Opening "Queen's pawn game"]
[ECO "D00"]
[NIC "QP.07"]
[Time "15:31:37"]
[TimeControl "2400+10"]

1. d4 Nf6 2. Nc3 d5 3. Bf4 e6 4. e3 Bd6 5. Bg3 a6 6. Bd3 c5 7. Nf3 b6 8. O-O
Bb7 9. Ne5 Nc6 10. Qf3 Qc7 11. Nxc6 Bxc6 12. Bxd6 Qxd6 13. Rfe1 O-O 14. Rad1
c4 15. Bf1 b5 16. a3 a5 17. Ne2 b4 18. axb4 Qxb4 19. Rb1 Ne4 20. Red1 Nd2
21. Qg3 Nxb1 22. Rxb1 a4 23. Nf4 Ra7 24. Nh5 f6 25. Nf4 Re8 26. Nh5 Kh8 27.
Be2 a3 28. Bg4 a2 {White resigns} 0-1

[Event "ICC tourney 2098 (40 10)"]
[Site "Internet Chess Club"]
[Date "2020.11.01"]
[Round "3"]
[White "Aleksandrov73"]
[Black "MiamiBoy"]
[Result "1-0"]
[ICCResult "Black resigns"]
[WhiteElo "2646"]
[BlackElo "2248"]
[Opening "Nimzo-Indian: 4.e3 O-O, 5.Bd3 d5"]
[ECO "E48"]
[NIC "NI.11"]
[Time "15:31:25"]
[TimeControl "2400+10"]

1. d4 Nf6 2. c4 e6 3. Nc3 Bb4 4. e3 O-O 5. Bd3 d5 6. cxd5 exd5 7. Ne2 Re8 8.
Bd2 h6 9. O-O Nbd7 10. Qc2 c5 11. dxc5 Bxc5 12. Rad1 Ne5 13. Bb5 Bd7 14. Qb3
a6 15. Bxd7 Qxd7 16. Na4 Ba7 17. Nb6 Bxb6 18. Qxb6 Nc4 19. Qb3 b5 20. Bc3
Ne4 21. Nf4 Nxc3 22. Qxc3 Nb6 23. Qd4 Qd6 24. Nxd5 Nxd5 25. Qxd5 Qxd5 26.
Rxd5 Rac8 27. Rfd1 Rc2 28. R5d2 Rec8 29. Kf1 Kf8 30. Ke2 Ke7 31. e4 Ke6 32.
Kd3 Rxd2+ 33. Rxd2 f5 34. exf5+ Kxf5 35. Rc2 Rd8+ 36. Ke3 Rd6 37. Rc5+ Kf6
38. h4 Re6+ 39. Kf3 Rd6 40. b3 g6 41. g4 Rd3+ 42. Ke2 Rd4 43. f3 Rd6 44. f4
Re6+ 45. Kf3 Rd6 46. Ke4 Re6+ 47. Kf3 Rd6 48. g5+ hxg5 49. hxg5+ Kf7 50. Ke4
Re6+ 51. Kd5 Re2 52. Rc7+ Kf8 53. Rc6 Rxa2 54. Rxg6 a5 55. Rb6 a4 56. Rxb5
a3 57. Ra5 Rd2+ 58. Ke5 a2 59. f5 Kf7 60. Ra7+ Ke8 61. g6 Re2+ 62. Kf6
{Black resigns}
1-0

[Event "ICC tourney 2098 (40 10)"]
[Site "Internet Chess Club"]
[Date "2020.11.01"]
[Round "3"]
[White "MARMAYOGI11"]
[Black "aquilesboy"]
[Result "0-1"]
[ICCResult "White resigns"]
[WhiteElo "2161"]
[BlackElo "1933"]
[Opening "Sicilian: Taimanov variation"]
[ECO "B48"]
[NIC "SI.40"]
[Time "15:31:20"]
[TimeControl "2400+10"]

1. e4 c5 2. Nf3 e6 3. d4 cxd4 4. Nxd4 Nc6 5. Nc3 Qc7 6. Be3 a6 7. g3 Nf6 8.
a3 b5 9. Bg2 Bb7 10. O-O Rc8 11. Re1 Ne5 12. h3 Nc4 13. Bc1 d6 14. b3 Ne5
15. Bb2 Be7 16. Kh2 O-O 17. f4 Nc6 18. Rc1 Nxd4 19. Qxd4 e5 20. Qf2 Qc5 21.
Qf3 Rfd8 22. Nd5 Bxd5 23. exd5 e4 24. Qd1 Nxd5 25. Bxe4 Qf2+ 26. Bg2 Ne3 27.
Qf3 Rxc2 28. Rxe3 Qxf3 29. Rxf3 Rxb2 30. Rc7 Bf8 31. g4 d5 32. b4 Bd6 33.
Rc6 g5 34. Rd3 Bxf4+ 35. Kg1 Re8 36. Rd1 Ree2 37. Bxd5 Be3+ 38. Kf1 Rf2+
{White resigns}
0-1

[Event "ICC tourney 2098 (40 10)"]
[Site "Internet Chess Club"]
[Date "2020.11.01"]
[Round "3"]
[White "ruitang"]
[Black "Leolix"]
[Result "0-1"]
[ICCResult "White resigns"]
[WhiteElo "1643"]
[BlackElo "1952"]
[Opening "Sicilian defense"]
[ECO "B44"]
[NIC "SI.39"]
[Time "15:31:30"]
[TimeControl "2400+10"]

1. e4 c5 2. Nf3 e6 3. d4 cxd4 4. Nxd4 Nc6 5. Be3 Nf6 6. Nc3 Bb4 7. Bd3 O-O
8. O-O Bxc3 9. bxc3 a6 10. Rb1 b5 11. a4 bxa4 12. Nxc6 dxc6 13. Rb4 Qe7 14.
Rxa4 Bb7 15. e5 Nd5 16. Bxh7+ Kxh7 17. Qh5+ Kg8 18. Rh4 f6 19. Qh7+ Kf7 20.
Rg4 Rg8 21. Bh6 f5 22. Bxg7 Ke8 23. Qxg8+ Kd7 24. Qxa8 Bxa8 25. Rg3 Nf4 26.
Rd1+ Kc7 27. Re1 Nh5 28. Bf6 Nxf6 29. exf6 Qxf6 30. Rge3 c5 31. Rxe6 Qg5 32.
g3 Qh5 33. Re7+ Kd8 34. R7e3 c4 35. Rb1 Be4 36. Ra1 Kc7 37. h4 Qg4 38. Kh2
f4 39. Rxe4 fxg3+ {White resigns} 0-1

[Event "ICC tourney 2098 (40 10)"]
[Site "Internet Chess Club"]
[Date "2020.11.01"]
[Round "3"]
[White "xyzchessdude"]
[Black "Theutltl"]
[Result "1-0"]
[ICCResult "Black resigns"]
[WhiteElo "2008"]
[BlackElo "1390"]
[Opening "Réti opening"]
[ECO "A30"]
[NIC "QP.10"]
[Time "15:31:28"]
[TimeControl "2400+10"]

1. Nf3 c5 2. c4 Nf6 3. g3 g6 4. b3 Nc6 5. Bb2 Bg7 6. Bg2 O-O 7. O-O Qc7 8.
d4 cxd4 9. Nxd4 b6 10. Nc3 Bb7 11. Nc2 Rad8 12. e4 e6 13. Nb5 Qb8 14. Nd6
Ba8 15. Rb1 Ne8 16. Ba3 a6 17. Qd2 Qa7 18. Rfd1 Nxd6 19. Bxd6 Rfe8 20. h4
Bf8 21. Bxf8 Kxf8 22. h5 Kg7 23. h6+ Kf8 24. Qd6+ Re7 25. Qf4 Qb8 26. Rd6 f5
27. Rbd1 e5 28. Qg5 Re6 29. Rxe6 dxe6 30. Qf6+ Ke8 31. Qh8+ Ke7 32. Qxh7+
Kf6 33. Qg7+ Kg5 34. Rxd8 Qxd8 35. Ne3 {Black resigns} 1-0

[Event "ICC tourney 2098 (40 10)"]
[Site "Internet Chess Club"]
[Date "2020.11.01"]
[Round "3"]
[White "davika21"]
[Black "chessboy2020"]
[Result "1-0"]
[ICCResult "Black resigns"]
[WhiteElo "1921"]
[BlackElo "1645"]
[Opening "Ruy Lopez: exchange variation, Alapin gambit"]
[ECO "C68"]
[NIC "RL.08"]
[Time "15:32:54"]
[TimeControl "2400+10"]

1. e4 e5 2. Nf3 Nc6 3. Bb5 a6 4. Bxc6 dxc6 5. O-O Bg4 6. h3 h5 7. d3 Qf6 8.
Nbd2 g5 9. Re1 Be6 10. Nf1 g4 11. hxg4 hxg4 12. N3h2 Qh4 13. Qe2 O-O-O 14.
Qe3 Bc5 15. Qxc5 Qh5 16. Qe3 f6 17. Qg3 Ne7 18. f4 gxf3 19. Qxf3 Qh4 20. Be3
Rdg8 21. Bf2 Qh6 22. d4 Bh3 23. Bg3 Be6 24. b3 exd4 25. Qf4 Qxf4 26. Bxf4
Ng6 27. Bg3 c5 28. Rad1 Ne5 29. Bxe5 fxe5 30. Rd3 c4 31. Rf3 Rf8 32. Rxf8+
Rxf8 33. Nf3 cxb3 34. axb3 Re8 35. Ng3 c5 36. Kf2 Bg4 37. Rh1 Rf8 38. Rh4
Bxf3 39. gxf3 Kc7 40. Rh7+ Kc6 41. Nf5 Re8 42. Ne7+ Kd6 43. Nd5 Rb8 44. Rh6+
Kd7 45. Nb6+ Kc7 46. Nc4 Re8 47. Rh7+ Kb8 48. Nd6 Re6 49. Nxb7 Kc8 50. Na5
Rd6 51. Nc4 Re6 52. Rh5 Kd7 53. Nxe5+ Kd6 54. Nc4+ Kc6 55. e5 Kb5 56. f4 a5
57. f5 Re7 58. f6 Rf7 59. Nd6+ {Black resigns} 1-0

[Event "ICC tourney 2098 (40 10)"]
[Site "Internet Chess Club"]
[Date "2020.11.01"]
[Round "3"]
[White "GGuseinov"]
[Black "speedskater"]
[Result "1/2-1/2"]
[ICCResult "Game drawn by mutual agreement"]
[WhiteElo "2711"]
[BlackElo "2619"]
[Opening "French: Tarrasch, open variation"]
[ECO "C07"]
[NIC "FR.18"]
[Time "15:31:32"]
[TimeControl "2400+10"]

1. e4 e6 2. d4 d5 3. Nd2 c5 4. Ngf3 cxd4 5. exd5 Qxd5 6. Bc4 Qd6 7. O-O Nf6
8. Nb3 Nc6 9. Nbxd4 Nxd4 10. Nxd4 a6 11. Re1 Qc7 12. Bf1 Be7 13. Qf3 O-O 14.
Bf4 Bd6 15. Bxd6 Qxd6 16. Rad1 Qb6 17. Qb3 Qc7 18. Qg3 Qxg3 19. hxg3 Bd7 20.
c4 Rfd8 21. Nf3 Kf8 22. Ne5 Be8 23. Be2 Rac8 24. Bf3 Rxd1 25. Rxd1 b5 26. b3
bxc4 27. Nxc4 Ke7 28. a4 Bc6 29. Nb6 Rb8 30. a5 Bxf3 31. gxf3 Nd5 32. Nxd5+
exd5 33. Rxd5 Rxb3 34. f4 Ke6 35. Re5+ Kd6 36. Re8 Rb5 37. Rg8 g6 38. Rg7
Ke6 39. Rxh7 Rxa5 40. Rh8 Rc5 41. Ra8 a5 42. g4 Kd5 43. Ra7 f5 44. g5 Ke4
45. Ra6 Kf3 46. Rxg6 Rc1+ 47. Kh2 Kxf2 48. Rb6 Rc8 49. Rb2+ Kf3 50. Ra2 Ra8
51. g6 Kxf4 52. g7 Rg8 53. Ra4+ Kg5 54. Rxa5 Rxg7 55. Kg3 Rb7 56. Ra3 Rb4
57. Kf3 {Game drawn by mutual agreement} 1/2-1/2

[Event "ICC tourney 2098 (40 10)"]
[Site "Internet Chess Club"]
[Date "2020.11.01"]
[Round "3"]
[White "JonnyTurgi"]
[Black "kingannihilator"]
[Result "1-0"]
[ICCResult "Black resigns"]
[WhiteElo "2088"]
[BlackElo "1720"]
[Opening "Grünfeld: 4.Bf4"]
[ECO "D82"]
[NIC "GI.03"]
[Time "15:31:29"]
[TimeControl "2400+10"]

1. d4 Nf6 2. c4 g6 3. Nc3 d5 4. Bf4 e6 5. Nf3 c6 6. e3 Bg7 7. Rc1 O-O 8. h3
Nbd7 9. a3 a5 10. cxd5 exd5 11. Bd3 Nh5 12. Bh2 f5 13. O-O Bh6 14. Re1 f4
15. e4 Ndf6 16. Qb3 Kh8 17. exd5 Nxd5 18. Nxd5 cxd5 19. Rc5 Nf6 20. Ne5 Ra7
21. f3 Bf5 22. Bxf5 gxf5 23. Rec1 a4 24. Qc2 Ra8 25. Qxf5 Ne4 26. Nf7+ Rxf7
27. Qxf7 Nxc5 28. Rxc5 Rc8 29. Bxf4 Rxc5 30. Be5+ {Black resigns} 1-0

[Event "ICC tourney 2098 (40 10)"]
[Site "Internet Chess Club"]
[Date "2020.11.01"]
[Round "3"]
[White "JunlinTheWorld"]
[Black "adwaysane"]
[Result "1-0"]
[ICCResult "Black resigns"]
[WhiteElo "1842"]
[BlackElo "1633"]
[Opening "Scotch gambit: Dubois-Réti defense"]
[ECO "C55"]
[NIC "KP.02"]
[Time "15:31:47"]
[TimeControl "2400+10"]

1. e4 e5 2. Nf3 Nc6 3. d4 exd4 4. Bc4 Nf6 5. e5 d5 6. Bb5 Ne4 7. Nxd4 Bd7 8.
Bxc6 bxc6 9. O-O Be7 10. f3 Ng5 11. f4 Ne4 12. Be3 c5 13. Nf3 d4 14. Bf2 Rb8
15. Qc1 O-O 16. Nbd2 Nxd2 17. Nxd2 f6 18. Re1 fxe5 19. fxe5 Be6 20. Ne4 Rf5
21. Ng3 Rg5 22. b3 Qd5 23. c4 Qc6 24. Qf4 Rg4 25. Qd2 Rf8 26. Qe2 Bh4 27.
Rf1 Rgf4 28. Be1 Bg4 29. Qd3 Bxg3 30. Bxg3 Bf5 31. Qd2 Rg4 32. Rf2 h5 33.
Raf1 g6 34. Bf4 Rd8 35. h3 Rxf4 36. Rxf4 d3 37. Rxf5 gxf5 38. Rxf5 Rd7 39.
Rg5+ Kh7 40. Rxh5+ Kg8 41. Qg5+ Rg7 42. Qd8+ Kf7 43. Rf5+ {Black resigns}
1-0

[Event "ICC tourney 2098 (40 10)"]
[Site "Internet Chess Club"]
[Date "2020.11.01"]
[Round "3"]
[White "Goldenmaknae"]
[Black "RagingKnightNC"]
[Result "0-1"]
[ICCResult "White resigns"]
[WhiteElo "1871"]
[BlackElo "2146"]
[Opening "Queen's bishop game"]
[ECO "D02"]
[NIC "QP.08"]
[Time "15:31:52"]
[TimeControl "2400+10"]

1. d4 d5 2. Nf3 Nf6 3. Bf4 Bf5 4. e3 e6 5. Be2 Be7 6. O-O O-O 7. Nh4 Bg6 8.
Nxg6 hxg6 9. Nd2 Nbd7 10. a3 c5 11. dxc5 Nxc5 12. b4 Nce4 13. Be5 Rc8 14.
Nxe4 Nxe4 15. Qd3 Bf6 16. Bxf6 Qxf6 17. Bf3 Rc3 18. Qd1 Nd6 19. Be2 Rfc8 20.
Ra2 Nc4 21. Bxc4 R8xc4 22. Qe2 Qd8 23. Rb1 Qc7 24. Rbb2 Qc6 25. a4 Qd6 26.
Qd2 Qe5 27. Rb1 Qe4 28. Rc1 Kf8 29. b5 Rc8 30. h3 Qc4 31. Raa1 Rxc2 32. Rxc2
Qxc2 33. Qb4+ Qc5 34. Qh4 Kg8 35. Rd1 f6 36. Qg3 Kf7 37. Qf3 Qc4 38. Rd4 Qa2
39. g3 Rc1+ 40. Rd1 Rc4 41. b6 axb6 42. Kg2 Qxa4 43. Rb1 b5 44. Rd1 b4 45.
Rxd5 exd5 46. Qxd5+ Ke7 47. Qxc4 Qc6+ {White resigns} 0-1

[Event "ICC tourney 2098 (40 10)"]
[Site "Internet Chess Club"]
[Date "2020.11.01"]
[Round "3"]
[White "SuperPuzzler"]
[Black "ramennoodle"]
[Result "0-1"]
[ICCResult "White checkmated"]
[WhiteElo "1956"]
[BlackElo "2087"]
[Opening "Philidor: Improved Hanham variation"]
[ECO "B07"]
[NIC "PU.08"]
[Time "15:31:28"]
[TimeControl "2400+10"]

1. e4 d6 2. d4 Nf6 3. Nc3 e5 4. Nf3 Nbd7 5. Bc4 Be7 6. O-O O-O 7. h3 c6 8.
a4 b6 9. Be3 Bb7 10. dxe5 dxe5 11. Qe2 a6 12. Bb3 b5 13. Nd2 Qc7 14. Kh1
Rfd8 15. f4 Bd6 16. f5 Nc5 17. Bf2 Rac8 18. g4 b4 19. Nd1 Ncxe4 20. Nxe4 c5
21. Kg1 Nxe4 22. Ne3 c4 23. Nxc4 Bc5 24. Bxc5 Qxc5+ 25. Qe3 Qxe3+ 26. Nxe3
Nd2 27. Rfd1 Bf3 28. Rdc1 h5 29. Kf2 Rd4 30. g5 Rf4 31. Ke1 Nxb3 32. cxb3
Rd8 33. Rc4 Rd3 34. Kf2 Be4+ 35. Ke2 Rxb3 36. Rc8+ Kh7 37. Nd1 Bxf5 38. Rc5
Rxh3 39. Rxe5 Bg4+ 40. Kd2 Rd4+ 41. Ke1 Rxd1+ 42. Rxd1 Rh1+ 43. Kd2 Rxd1+
44. Ke3 Re1+ 45. Kd4 Rxe5 46. Kxe5 Kg6 47. Kf4 Bd7 48. b3 Bxa4 49. bxa4 b3
50. Ke3 h4 51. Kd2 h3 52. Kc3 h2 53. Kxb3 h1=Q 54. Kb4 Qb7+ 55. Ka5 Qa8 56.
Kb6 Kxg5 57. a5 Qd5 58. Kxa6 f5 59. Kb6 f4 60. a6 f3 61. a7 Qa2 62. Kb7
Qxa7+ 63. Kxa7 f2 64. Kb6 f1=Q 65. Kc5 Qd1 66. Kc4 Kf4 67. Kc3 g5 68. Kc4 g4
69. Kc5 g3 70. Kc4 g2 71. Kc5 g1=Q+ 72. Kc6 Qg2+ 73. Kc5 Qgc2+ 74. Kb5 Qdb1+
75. Ka5 Qca2# {White checkmated} 0-1

[Event "ICC tourney 2098 (40 10)"]
[Site "Internet Chess Club"]
[Date "2020.11.01"]
[Round "3"]
[White "Zuiopal"]
[Black "icommai"]
[Result "0-1"]
[ICCResult "White resigns"]
[WhiteElo "1658"]
[BlackElo "1868"]
[Opening "QGD: semi-Slav"]
[ECO "D31"]
[NIC "SL.06"]
[Time "15:31:20"]
[TimeControl "2400+10"]

1. d4 d5 2. c4 e6 3. Nc3 c6 4. cxd5 exd5 5. Bf4 Nf6 6. e3 Bf5 7. Bd3 Bxd3 8.
Qxd3 Nh5 9. Bg3 Nxg3 10. hxg3 g6 11. Nf3 Nd7 12. a3 Bd6 13. b4 b5 14. O-O
O-O 15. e4 dxe4 16. Nxe4 Be7 17. Rac1 Rc8 18. Rfd1 Nb6 19. Ne5 Qd5 20. Nc3
Qb3 21. Ne4 Qd5 22. Nc3 Qb3 23. Ne4 Qe6 24. Nf3 Nc4 25. Re1 Qd7 26. Nc5 Bxc5
27. bxc5 Rfe8 28. Nd2 Nxd2 29. Qxd2 Rxe1+ 30. Rxe1 Rd8 31. Rd1 Qc7 32. Qe3
a5 33. Qc3 Rd5 34. Re1 Qd8 35. Rd1 Kg7 36. f3 h5 37. f4 a4 38. Kf2 Qf6 39.
Qe3 Qf5 40. Rd2 Qf6 41. Kf3 Rd7 42. Kf2 Re7 43. Qf3 Qe6 44. Re2 Qxe2+ 45.
Qxe2 Rxe2+ 46. Kxe2 Kf6 47. d5 cxd5 48. c6 Ke6 49. Kd3 Kd6 50. f5 Kxc6 51.
fxg6 fxg6 52. Kc3 Kc5 {White resigns} 0-1